 Dungeon Sprint DCSS version 0.30-a0-177-g1cb5dbfd7a (webtiles) character file.

Game seed: 4329306081819692051

394 rocky1 the Covert (level 6, -1/49 HPs)
             Began as an Octopode Transmuter on Oct 3, 2022.
             Was a High Priest of Vehumet.
             Slain by a sea snake (14 damage)
             ... in the Dungeon (Sprint VII: "The Pits").
             The game lasted 00:03:00 (721 turns).

rocky1 the Covert (Octopode Transmuter)              Turns: 721, Time: 00:03:01

Health: -1/49      AC:  1    Str: 10    XL:     6   Next: 82%
Magic:  9/9        EV: 15    Int: 17    God:    Vehumet [*****.]
Gold:   0          SH:  0    Dex: 12    Spells: 8/9 levels left

rFire   . . .      SeeInvis .      - Unarmed
rCold   . . .      Faith    .    (no shield)
rNeg    . . .      Spirit   .    (helmet currently unavailable)
rPois   .          Reflect  .    (no amulet)
rElec   .          Harm     .    (no ring)
rCorr   .          Rampage  .    (no ring)
Will    .....      NoTele   +    (no ring)
Stlth   +++++.....               (no ring)
HPRegen 0.28/turn                (no ring)
MPRegen 0.11/turn                (no ring)
                                 (no ring)
                                 (no ring)

@: lethally poisoned (-1 -> -34), appendages
A: tentacle spike 3, almost no armour, amphibious, 8 rings, camouflage 1,
gelatinous body 1, (nimble swimmer 1), tentacles
a: End Transformation, Renounce Religion


You were in the Dungeon.
You worshipped Vehumet.
Vehumet was extremely pleased with you.
One of your tentacles had grown a beastly spike.
You visited 1 branch

Inventory:

Scrolls
 g - a scroll of blinking
 i - 5 scrolls of amnesia
 j - a scroll of summoning
Potions
 a - a potion of lignification
 b - 6 potions of curing
 c - 6 potions of heal wounds
 d - a potion of haste
 e - 4 potions of magic
 f - a potion of berserk rage
 h - 2 potions of invisibility


   Skills:
 + Level 7.0 Fighting
 + Level 7.3 Dodging
 + Level 9.9 Stealth
 + Level 7.6 Unarmed Combat
 + Level 2.1 Spellcasting
 + Level 2.1 Transmutations


You had 8 spell levels left.
You knew the following spells:

 Your Spells              Type           Power      Damage    Failure   Level
a - Beastly Appendage     Tmut           18%        N/A       9%          1

Your spell library contained the following spells:

 Spells                   Type           Power      Damage    Failure   Level
 Kiss of Death            Conj/Necr      4%         2d5       5%          1
 Wereblood                Tmut           9%         N/A       12%         2
 Spider Form              Tmut/Pois      5%         N/A       36%         3
 Ice Form                 Ice/Tmut       5%         N/A       77%         4


Dungeon Overview and Level Annotations

Branches:
Dungeon (1/1)

Altars:
Ashenzari
Cheibriados
Dithmenos
Elyvilon
Fedhas
Gozag
Hepliaklqana
Kikubaaqudgha
Makhleb
Nemelex Xobeh
Okawaru
Qazlal
Ru
Sif Muna
Trog
Uskayaw
Vehumet
Wu Jian
Xom
Yredelemnul
Zin
The Shining One
Jiyva
Lugonu


Innate Abilities, Weirdness & Mutations

One of your tentacles has grown a beastly spike.
You cannot wear most types of armour.
You are amphibious.
You can wear up to eight rings at the same time.
Your skin changes colour to match your surroundings (Stealth+).
Your rubbery body absorbs attacks. (AC +1, EV +1)
((You are camouflaged when in or above water. (Stealth+)))
You have tentacles for arms and can constrict up to eight enemies at once.


Message History

You start resting.
Your transformation is almost over.
Your tentacle spike disappears.
HP restored.
You start waiting.
Done waiting.
You start waiting.
Done waiting.
Casting: Beastly Appendage (safe; 9% risk of failure)
Confirm with . or Enter, or press ? or * to list all spells.
One of your tentacles grows a vicious spike.
You open the door.
A sea snake comes into view.
There is an open door here.
The helpless sea snake fails to defend itself.
You bludgeon the sea snake! You grab the sea snake.
You pierce the sea snake.
The sea snake is moderately wounded.
You constrict the sea snake, but do no damage.
The sea snake bites you.
You are lethally poisoned!
The sea snake poisons you!
You bludgeon the sea snake! You squeeze the sea snake!
The sea snake is heavily wounded.
You constrict the sea snake.
You feel extremely sick. The sea snake bites you.
You tentacle-slap the sea snake.
You pierce the sea snake.
You squeeze the sea snake, but do no damage.
The sea snake is severely wounded.
You constrict the sea snake.
You feel extremely sick. The sea snake barely misses you.
You barely miss the sea snake.
You pierce the sea snake, but do no damage.
The sea snake is severely wounded.
You constrict the sea snake.
* * * LOW HITPOINT WARNING * * *
You feel extremely sick. The sea snake bites you!
You die...

#.#........##.......#
#)#........##.......#
#†###########.......#
#...)...# #########
#..###..# #.......#
##.###.##+#
#.......#S+
#..###..#@#
#.......'.#
###########


You could see a sea snake.

Vanquished Creatures
  Duvessa (D)
  A black bear (D)
  A scorpion (D)
  Dowan (D)
  An orc priest (D)
  A mummy (D)
  2 adders (D)
  A river rat (D)
  An ufetubus (D)
  A worm (D)
  4 orcs (D)
  A kobold (D)
  2 quokkas (D)
  A bat (D)
  A frilled lizard (D)
  A giant cockroach zombie (D)
21 creatures vanquished.

Notes
Turn   | Place    | Note
-------+----------+-------------------------------------------
     0 | D        | rocky1 the Octopode Transmuter began the quest for the Orb.
     0 | D        | Reached XP level 1. HP: 13/13 MP: 3/3
    22 | D        | Reached skill level 2 in Stealth
    22 | D        | Reached XP level 2. HP: 11/19 MP: 5/5
    88 | D        | Found a bloodstained altar of Trog.
    88 | D        | Found a shimmering blue altar of Sif Muna.
    88 | D        | Found a viscous altar of Jiyva.
    88 | D        | Found a hazy altar of Hepliaklqana.
    88 | D        | Found an opulent altar of Gozag.
    89 | D        | Found a glowing golden altar of the Shining One.
    89 | D        | Found a glowing silver altar of Zin.
    89 | D        | Found a basalt altar of Yredelemnul.
    89 | D        | Found a shimmering altar of Xom.
    89 | D        | Found an ornate altar of the Wu Jian Council.
    89 | D        | Found a sacrificial altar of Ru.
    89 | D        | Found a stormy altar of Qazlal.
    89 | D        | Found an iron altar of Okawaru.
    89 | D        | Found a sparkling altar of Nemelex Xobeh.
    89 | D        | Found a burning altar of Makhleb.
    89 | D        | Found a blossoming altar of Fedhas.
    89 | D        | Found a white marble altar of Elyvilon.
    89 | D        | Found a shadowy altar of Dithmenos.
    89 | D        | Found a snail-covered altar of Cheibriados.
    92 | D        | Found a corrupted altar of Lugonu.
    92 | D        | Found a radiant altar of Vehumet.
    93 | D        | Found an ancient bone altar of Kikubaaqudgha.
    93 | D        | Found a hide-covered altar of Uskayaw.
    93 | D        | Found a broken altar of Ashenzari.
   127 | D        | Became a worshipper of Vehumet
   149 | D        | Reached skill level 3 in Stealth
   155 | D        | Reached * piety under Vehumet
   155 | D        | Offered knowledge of Magic Dart by Vehumet.
   260 | D        | Noticed a scorpion
   274 | D        | Reached skill level 4 in Stealth
   274 | D        | Reached XP level 3. HP: 26/26 MP: 4/6
   282 | D        | Reached ** piety under Vehumet
   283 | D        | Reached skill level 5 in Stealth
   283 | D        | Reached XP level 4. HP: 19/33 MP: 7/7
   285 | D        | Killed a scorpion
   286 | D        | Reached skill level 5 in Dodging
   286 | D        | Reached skill level 6 in Stealth
   286 | D        | Reached skill level 5 in Unarmed Combat
   286 | D        | Reached XP level 5. HP: 33/38 MP: 8/8
   340 | D        | Offered knowledge of Kiss of Death by Vehumet.
   345 | D        | Reached *** piety under Vehumet
   399 | D        | Noticed Duvessa
   400 | D        | Noticed a black bear
   400 | D        | Noticed Dowan
   414 | D        | Killed Duvessa
   414 | D        | Reached **** piety under Vehumet
   415 | D        | Reached skill level 5 in Fighting
   415 | D        | Reached skill level 8 in Stealth
   415 | D        | Reached XP level 6. HP: 46/46 MP: 9/9
   417 | D        | Killed Dowan
   421 | D        | Killed a black bear
   422 | D        | Reached skill level 9 in Stealth
   480 | D        | Reached ***** piety under Vehumet
   716 | D        | Noticed a sea snake
   721 | D        | Slain by a sea snake

Illustrated notes

Levels and vault maps discovered:
D:        pitsprint [storerooms_1, entrance_room_1, metal_vault_4, armoury_2,
          mini_pit_1, grid_room_1, main_hall_1, silver_pit, the_coven_1,
          the_vestibule_1, steel_vault_1, golden_pit, hallway_of_sentries,
          crystal_vault_1, iron_vault_5, final_vault]

Skill      XL: |  1  2  3  4  5  6 |
---------------+-------------------+-----
Fighting       | 2 3 4 5 7 |  7.0
Stealth        | 2 4 5 6 8 9 |  9.9
Dodging        | 4 5 6 7 |  7.3
Unarmed Combat | 4 5 6 7 |  7.6
Spellcasting   | |  2.1
Transmutations | |  2.1

Action                   |  1- 3 |  4- 6 || total
-------------------------+-------+-------++-------
Melee: Unarmed           |    24 |    36 ||    60
       Kick              |     6 |    11 ||    17
       Constrict         |     5 |     9 ||    14
       Tentacles         |     4 |     7 ||    11
       Punch             |     1 |     2 ||     3
 Cast: Beastly Appendage |     3 |     4 ||     7
  Use: Potion            |       |     2 ||     2
 Stab: Sleeping          |     4 |     2 ||     6
Armor: Skin              |     2 |     1 ||     3
Dodge: Dodged            |     9 |    17 ||    26

Table legend: (Time is in decaauts)
 A = Elapsed time spent in this place.
 B = Non-inter-level travel time spent in this place.
 C = Inter-level travel time spent in this place.
 D = Time resting spent in this place.
 E = Time spent auto-exploring this place.
 F = Levels seen in this place.
 G = Mean time per level.
                   A        B        C        D        E       F      G
               +--------+--------+--------+--------+--------+-----+--------+
         Total |    730 |    713 |     17 |    481 |      0 |   1 |  730.0 |
       Dungeon |    730 |    713 |     17 |    481 |      0 |   1 |  730.0 |
               +--------+--------+--------+--------+--------+-----+--------+

Top non-repeatable levels by time:
       D: 730 daAuts
